 Dungeon Crawl Stone Soup version 0.15.2 (webtiles) character file.

22 MistressOfTheSands the Insei (level 2, -4/24 HPs)
             Began as a Mummy Monk on Nov 9, 2015.
             Killed from afar by a hobgoblin (10 damage)
             ... with a wand of magic darts
             ... on Level 2 of the Dungeon.
             The game lasted 00:01:14 (1179 turns).

MistressOfTheSands the Insei (Mummy Monk)           Turns: 1179, Time: 00:01:14

HP  -4/24        AC  0     Str 14      XL: 2   Next: 68%
MP   2/2         EV 13     Int  9      God:
Gold 20          SH  0     Dex 14      Spells:  0 memorised,  1 level left

rFire  x . .     SeeInvis .       - Unarmed
rCold  + . .     Clarity  .     (no armour)
rNeg   + + +     rCorr    .     (no shield)
rPois  +         rRot     +     (no helmet)
rElec  .         Spirit   .     (no cloak)
SustAb .         Warding  .     (no gloves)
rMut   .         Stasis   .     (no boots)
Gourm  .                        (no amulet)
MR     .....                    (no ring)
                                (no ring)

@: not resistant to hostile enchantments, unstealthy
A: no food or potions, fire vulnerability, restore body, cold resistance 1,
negative energy resistance 3, poison resistance, torment resistance, unbreathing
a: no special abilities


You were on level 2 of the Dungeon.
You were not hungry.

You visited 1 branch of the dungeon, and saw 2 of its levels.

You collected 20 gold pieces.


Innate Abilities, Weirdness & Mutations

You do not eat or drink.
Your flesh is vulnerable to fire.
Your flesh is cold resistant.
You are immune to negative energy.
Your system is resistant to poisons.
You are immune to unholy pain and torment.
You can survive without breathing.


   Skills:
 - Level 3.0 Fighting
 - Level 2.4 Dodging
 - Level 1.5 Stealth
 + Level 4.0 Unarmed Combat


You had one spell level left.
You didn't know any spells.

Inventory:

Missiles
 c - 5 curare-tipped needles (quivered) {=f}
Armour
 a - a +0 robe
 d - a +0 buckler
Scrolls
 b - a scroll of enchant armour {unknown}

Dungeon Overview and Level Annotations

Branches:
Dungeon (2/15)

Altars:
Vehumet
Zin

#.# #..... #...#..
##....... #..#._g#
#...... .#
#....#....
#!......... #.M#
#...
#?######.##......
#................
#########%####....
....... #.#
........##.#
........%.<#
........####
.......


You could see a hobgoblin.


Message History

You closely miss the giant newt. The giant newt barely misses you.
You hit the giant newt.
You kill the giant newt!
You closely miss the giant newt. The giant newt bites you.
You hit the giant newt.
You kill the giant newt!
You swing at nothing.
You swing at nothing.
You swing at nothing.
Found 3 scrolls labeled FUIMAI PLAIPA.
You closely miss the rat. The rat bites you.
You closely miss the rat. The rat bites you.
You closely miss the rat. The rat bites you.
You hit the rat.
You kill the rat!
Your Unarmed Combat skill increases to level 4!
You hit the kobold.
You kill the kobold!
You swing at nothing.
You swing at nothing.
Things that are here:
a kobold corpse; a rat corpse A hobgoblin comes into view.
Found a radiant altar of Vehumet.
The hobgoblin zaps a wand.
The magic dart hits you!
* * * LOW HITPOINT WARNING * * *
You see here a buckler.
d - a buckler The hobgoblin zaps a wand.
The magic dart hits you!
You die...

Action                   || total
-------------------------++-------
Melee: Unarmed           ||    80
 Stab: Sleeping          ||     1

Vault maps used:
D:1:      roderic_chinese_lattice_arrival, item_on_display_a
D:2:      overflow_temple_1_default, vehumet_altar_wand_db, serial_forest,
          infiniplex_forest_straight_1, infiniplex_forest_clump_tiny,
          infiniplex_forest_clump_diagonal, infiniplex_forest_straight_1,
          infiniplex_forest_end_1, infiniplex_forest_lined_room_2,
          infiniplex_forest_clump_diagonal, infiniplex_forest_clump_curved,
          minmay_misc_feat_alley, minmay_quantized

Notes
Turn   | Place    | Note
--------------------------------------------------------------
     0 | D:1      | MistressOfTheSands, the Mummy Monk, began the quest for the Orb.
     0 | D:1      | Reached XP level 1. HP: 18/18 MP: 1/1
   393 | D:1      | Reached XP level 2. HP: 16/24 MP: 2/2
  1153 | D:2      | Found a glowing silver altar of Zin.
  1171 | D:2      | Reached skill level 4 in Unarmed Combat
  1177 | D:2      | Found a radiant altar of Vehumet.
  1179 | D:2      | Killed from afar by a hobgoblin

Vanquished Creatures
  2 giant geckos (D:1)
  A giant cockroach (D:1)
  5 kobolds
  2 bats (D:1)
  7 giant newts
  2 goblins (D:1)
  5 rats
24 creatures vanquished.
